 Dungeon Crawl Stone Soup version 0.17-a0-777-g32247ce (webtiles) character file.

46 Lokkij the Magician (level 3, 0/19 HPs)
             Began as a Tengu Wanderer on Apr 25, 2015.
             Succumbed to an adder's poison
             ... on level 2 of the Dungeon.
             The game lasted 00:06:22 (2006 turns).

Lokkij the Magician (Tengu Wanderer)                Turns: 2006, Time: 00:06:22

Health: 0/19       AC:  2    Str: 10    XL:     3   Next: 68%
Magic:  1/9        EV: 11    Int: 13    God:
Gold:   128        SH:  0    Dex: 15    Spells: 1 memorised, 9 levels left

rFire  . . .     SeeInvis .     l - +3 short sword
rCold  . . .     Clarity  .     d - +0 robe
rNeg   . . .     SustAb   .     (no shield)
rPois  .         Gourm    .     (helmet restricted)
rElec  .         Spirit   .     (no cloak)
rCorr  .         Warding  .     (no gloves)
rMut   .         Stasis   .     (boots unavailable)
MR     .....                    h - amulet of inaccuracy (curse)
Stlth  +.........               (no ring)
                                (no ring)

@: lethally poisoned (0 -> -7), very slightly contaminated, hasted, invisible,
very quick, not resistant to hostile enchantments, very unstealthy
A: beak, talons 3
a: no special abilities


You were on level 2 of the Dungeon.
You were not hungry.

You visited 1 branch of the dungeon, and saw 2 of its levels.

You collected 128 gold pieces.

Inventory:

Hand weapons
 l - a +3 short sword (weapon)
 p - a +1 short sword of distortion
Armour
 d - a +0 robe (worn)
 m - a cursed -1 buckler
Jewellery
 h - a cursed amulet of inaccuracy (around neck)
Scrolls
 g - a scroll of recharging
 j - a scroll of identify
 o - a scroll of amnesia {unknown}
 q - a scroll of magic mapping {unknown}
Books
 a - a book of Flames

   Spells                             Type                      Level
   a - Flame Tongue                   Conjuration/Fire             1
   b - Throw Flame                    Conjuration/Fire             2
   c - Conjure Flame                  Conjuration/Fire             3
   d - Inner Flame                    Hexes/Fire                   3
   e - Sticky Flame                   Conjuration/Fire             4
   f - Fireball                       Conjuration/Fire             5
 b - the Grimoire of the Entourage

   Spells                             Type                      Level
   a - Summon Butterflies             Summoning                    1
   b - Recall                         Summoning/Translocation      3
 c - Xotwaume's Reference Book on Earth

   Spells                             Type                      Level
   a - Sandblast                      Earth                        1
   b - Passwall                       Transmutation/Earth          3
Comestibles
 f - 2 bread rations
 k - a meat ration


   Skills:
 - Level 1.1 Throwing
 - Level 1.0 Shields
 - Level 4.0 Spellcasting
 + Level 1.5 Conjurations
   Level 2.4 Summonings
   Level 1.0 Transmutations
 + Level 3.4 Fire Magic


You had 9 spell levels left.
You knew the following spells:

 Your Spells              Type           Power        Failure   Level  Hunger
a - Flame Tongue          Conj/Fire      #....        10%         1    None


Dungeon Overview and Level Annotations

Branches:
Dungeon (2/15)

Altars:
The Shining One


Innate Abilities, Weirdness & Mutations

You have a beak for a mouth.
You have claws for feet.


Message History

The adder barely misses you.
Read which item? (? for menu, Esc to quit)
Okay, then.
You are too injured to fight recklessly!
You strike the helpless adder from behind!
You hit the adder.
The adder is almost dead.
* * * LOW HITPOINT WARNING * * *
You feel sick. The adder misses you.
You miss the adder. Your kick misses the adder.
The adder is almost dead.
The adder closely misses you.
You catch the helpless adder completely off-guard!
You hit the adder.
You kill the adder!
There is a lethal amount of poison in your body!
Your surroundings suddenly seem different.
* * * LOW HITPOINT WARNING * * *
You feel sick.
You die...

#........#.........
#........#.........
##........#.........
..........##########
#........#
#########.############
.......................
#######.##.######.....
#@..##.# #..###
###########.####..
#..... .............#
##.# #.####
..............#
#..####.####
..............#
#..........
..............#
#..###.####
#.##.........# #..#
#.##.. #.........# ##†#
#.##.. #.........# #.#
#.##..


There were no monsters in sight!

Vanquished Creatures
  2 adders (D:2)
  An ooze (D:1)
  2 giant geckos
  3 bats (D:1)
  A giant cockroach (D:1)
  3 hobgoblins
  2 jackals (D:1)
  A giant newt (D:1)
  3 goblins (D:1)
  3 kobolds
  4 rats (D:1)
25 creatures vanquished.

Notes
Turn   | Place    | Note
--------------------------------------------------------------
     0 | D:1      | Lokkij, the Tengu Wanderer, began the quest for the Orb.
     0 | D:1      | Lokkij set off with: a book of Flames, the Grimoire of the Entourage, Xotwaume's Reference Book on Earth, a +0 robe, a +0 dagger, a bread ration
     0 | D:1      | Reached XP level 1. HP: 10/10 MP: 6/6
     0 | D:1      | Identified the Grimoire of the Entourage
     0 | D:1      | Identified Xotwaume's Reference Book on Earth
     2 | D:1      | Learned a level 1 spell: Flame Tongue
   577 | D:1      | Reached XP level 2. HP: 10/15 MP: 4/8
  1367 | D:2      | Found a glowing golden altar of the Shining One.
  1418 | D:2      | Reached XP level 3. HP: 12/19 MP: 3/9
  1757 | D:2      | Reached skill level 1 in Conjurations
  2006 | D:2      | Succumbed to an adder's poison

Action                   || total
-------------------------++-------
Melee: Dagger            ||    21
       Short sword       ||    31
 Cast: Flame Tongue      ||    38
  Use: Scroll            ||     4
       Potion            ||     4
 Stab: Invisible         ||     2
  Eat: Chunk             ||     3
